[ AOE2 MATCH · #484387404 ]
Team RMAztecs vs Magyars
[ REPLAY ANALYSIS · EXTRACTED FROM THE RECORDED GAME ]
Feudal
—
Castle
—
Imperial
—
| APM avg | 67.4 |
| APM peak | 64 |
| eAPM avg | 9.1 |
| Villagers / military | 5 / 0 |
Focus
⚔️ 0.0% · 🌾 100.0%
Feudal
—
Castle
—
Imperial
—
| APM avg | 15.4 |
| APM peak | 27 |
| eAPM avg | 7.4 |
| Villagers / military | 4 / 0 |
Focus
⚔️ 0.0% · 🌾 100.0%
Feudal
—
Castle
—
Imperial
—
| APM avg | 54.3 |
| APM peak | 74 |
| eAPM avg | 23.4 |
| Villagers / military | 5 / 0 |
Focus
⚔️ 44.1% · 🌾 55.9%
Feudal
—
Castle
—
Imperial
—
| APM avg | 41.1 |
| APM peak | 51 |
| eAPM avg | 9.1 |
| Villagers / military | 5 / 0 |
Focus
⚔️ 16.7% · 🌾 83.3%
Feudal
—
Castle
—
Imperial
—
| APM avg | 50.3 |
| APM peak | 66 |
| eAPM avg | 14.8 |
| Villagers / military | 5 / 0 |
Focus
⚔️ 33.3% · 🌾 66.7%
Feudal
—
Castle
—
Imperial
—
| APM avg | 13.1 |
| APM peak | 23 |
| eAPM avg | 11.4 |
| Villagers / military | 2 / 0 |
Focus
⚔️ 0.0% · 🌾 100.0%
Feudal
—
Castle
—
Imperial
—
| APM avg | 70.2 |
| APM peak | 76 |
| eAPM avg | 13.1 |
| Villagers / military | 5 / 0 |
Focus
⚔️ 20.0% · 🌾 80.0%
Feudal
—
Castle
—
Imperial
—
| APM avg | 44.5 |
| APM peak | 78 |
| eAPM avg | 13.1 |
| Villagers / military | 5 / 0 |
Focus
⚔️ 7.1% · 🌾 92.9%
Match map
Initial resources + every placement click. Lines = walls · curves = elevation contours. ◆ gold · ⬟ stone · ● berries · ✦ relic · ◌ wall gap
Your base
Kenan Yildiz's base
[R1] Pume's base
Tsunade's base
Oni.TaToH's base
Blaaaa's base
[R1] 12Tirador's base
Dangio's base
Smoothed initial terrain · ◌ = detected wall gap · hover for details
Inputs per minute
— Moneimon - - Kenan Yildiz
Build order — Moneimon
7 actions detected in the replay
| 0:00 | Create | Villager (Male) |
| 0:02 | Build | House |
| 0:03 | Build | House |
| 0:05 | Create | Villager (Male) |
| 0:05 | Create | Villager (Male) |
| 0:17 | Create | Villager (Male) |
| 1:18 | Create | Villager (Male) |
Build order — Kenan Yildiz
3 actions detected in the replay
| 0:02 | Create | Villager (Male) ×4 |
| 0:03 | Build | House |
| 0:04 | Build | House |
Build order — [R1] Pume
7 actions detected in the replay
| 0:00 | Create | Villager (Male) |
| 0:01 | Create | Villager (Male) |
| 0:02 | Build | House |
| 0:02 | Create | Villager (Male) |
| 0:03 | Build | House |
| 0:05 | Create | Villager (Male) |
| 1:25 | Create | Villager (Male) |
Build order — Tsunade
7 actions detected in the replay
| 0:06 | Create | Villager (Male) |
| 0:07 | Create | Villager (Male) |
| 0:07 | Create | Villager (Male) |
| 0:07 | Create | Villager (Male) |
| 0:08 | Build | House |
| 0:09 | Build | House |
| 1:27 | Create | Villager (Male) |
Build order — Oni.TaToH
5 actions detected in the replay
| 0:02 | Create | Villager (Male) |
| 0:02 | Create | Villager (Male) ×4 |
| 0:03 | Build | House |
| 0:04 | Build | House |
| 0:55 | Build | Mill |
Build order — Blaaaa
4 actions detected in the replay
| 0:01 | Create | Villager (Male) |
| 0:02 | Create | Villager (Male) |
| 0:03 | Build | House |
| 0:04 | Build | House |
Build order — [R1] 12Tirador
5 actions detected in the replay
| 0:01 | Create | Villager (Male) |
| 0:02 | Create | Villager (Male) |
| 0:06 | Create | Villager (Male) |
| 0:06 | Create | Villager (Male) |
| 1:14 | Create | Villager (Male) |
Build order — Dangio
6 actions detected in the replay
| 0:01 | Create | Villager (Male) |
| 0:01 | Create | Villager (Male) |
| 0:01 | Create | Villager (Male) |
| 0:01 | Create | Villager (Male) |
| 0:01 | Create | Villager (Male) |
| 0:03 | Build | House |
Match timeline
| 0:07 | Blaaaa · resign |
[ AI ANALYSIS · 1 CREDIT ]
What really happened in this match?
Wolo.gg analyzes every decision: build order, eco, micro, common mistakes by bracket. Personalized analysis on WhatsApp or Discord in 30 seconds.
Civ guide
Aztecs
Map guide
Socotra
Perfil
Jugador #249653